 Dungeon Crawl Stone Soup version 0.30-a0-956-gcec3b41aec (webtiles) character file.

Game seed: 3972323165186632685

23 IdlyInterested the Slasher (level 2, -1/22 HPs)
             Began as a Demonspawn Gladiator on Mar 29, 2023.
             Slain by a worm (8 damage)
             ... on level 2 of the Dungeon.
             The game lasted 00:01:57 (1071 turns).

IdlyInterested the Slasher (Demonspawn Gladiator)   Turns: 1071, Time: 00:01:58

Health: -1/22      AC:  4    Str: 14    XL:     2   Next: 75%
Magic:  2/2        EV: 12    Int:  9    God:
Gold:   44         SH:  0    Dex: 14    Spells: 1/1 levels left

rFire   . . .      SeeInvis .    a - +0 long sword
rCold   . . .      Faith    .    (no shield)
rNeg    . . .      Spirit   .    b - +0 leather armour
rPois   .          Reflect  .    c - +0 helmet
rElec   .          Rampage  .    g - scarf {shadows}
rCorr   .                        (no gloves)
Will    .....                    (no boots)
Stlth   +                        (no amulet)
HPRegen 0.23/turn                (no ring)
MPRegen 0.08/turn                (no ring)

@: no status effects
A: claws 1
a: no special abilities


You were on level 2 of the Dungeon.
You visited 1 branch of the dungeon, and saw 2 of its levels.

You collected 44 gold pieces.

Inventory:

Hand Weapons
 a - a +0 long sword (weapon)
Missiles
 d - 3 throwing nets
 e - a javelin
 h - 2 stones (quivered)
 i - 5 poisoned darts
Armour
 b - a +0 leather armour (worn)
 c - a +0 helmet (worn)
 g - a scarf of shadows (worn)
Scrolls
 f - 4 scrolls of identify {unknown}
 l - a scroll of vulnerability {unknown}
Potions
 j - 2 potions of might {unknown}
 k - a potion of curing {unknown}


   Skills:
 - Level 2.0 Fighting
 * Level 3.4 Long Blades
 - Level 1.7 Throwing
 - Level 1.0 Armour
 - Level 2.6 Dodging
 + Level 0.2 Unarmed Combat


You had one spell level left.
You didn't know any spells.
Your spell library was empty.

Dungeon Overview and Level Annotations

Branches:
Dungeon (2/15)

Altars:


Innate Abilities, Weirdness & Mutations

You have sharp fingernails.


Message History

Things that are here:
a +0 dagger; a +0 sling
There is a stone staircase leading up here.
You climb upwards.
There is a stone staircase leading down here.
You start resting.
HP restored.
You see here a +0 dagger.
There is a stone staircase leading down here.
There is a stone staircase leading down here.
You climb downwards.
Found a scroll labelled KUGEIWE SIEMAF.
Found a stone staircase leading down.
There is a stone staircase leading up here.
l - a scroll labelled KUGEIWE SIEMAF
There is a stone staircase leading up here.
You climb upwards.
There is a stone staircase leading down here.
There is a stone staircase leading down here.
You climb downwards.
There is a stone staircase leading up here.
Throw: 3 stones
Press: ? - help, Q - select action, (/) - cycle Shift-Dir - straight line, f - worm
Aim: a worm (78% to hit)
You throw a stone. The stone hits the worm.
The worm is lightly wounded.
You hit the worm but do no damage.
The worm is lightly wounded.
The worm misses you.
You hit the worm.
The worm is moderately wounded.
The worm bites you!
You slash the worm!
The worm is almost dead.
You barely miss the worm.
The worm is almost dead.
The worm bites you!
You barely miss the worm.
The worm is severely wounded.
The worm bites you!
You die...

#
#.#####.#
#..<@w..#
#........#
#..##.##.#
#.. #.# #
... ..#
###. ..# #
###


You could see a worm.

Vanquished Creatures
  2 dart slugs (D:1)
  2 giant cockroaches (D:1)
  A goblin (D:2)
  2 quokkas (D:1)
  A ball python (D:1)
  4 bats (D:1)
  4 frilled lizards
  3 kobolds
  2 rats
21 creatures vanquished.

Vanquished Creatures (others)
  2 plants (D:2)
2 creatures vanquished.

Grand Total: 23 creatures vanquished

Notes
Turn   | Place    | Note
-------+----------+-------------------------------------------
     0 | D:1      | IdlyInterested the Demonspawn Gladiator began the quest for
                  | the Orb.
     0 | D:1      | Reached XP level 1. HP: 16/16 MP: 1/1
   205 | D:1      | Reached skill level 3 in Long Blades
   228 | D:1      | Gained mutation: You have sharp fingernails. [demonic
                  | ancestry]
   228 | D:1      | Reached XP level 2. HP: 18/22 MP: 2/2
   386 | D:1      | Found a faded altar of an unknown god.
   681 | D:1      | Reached skill level 1 in Armour
  1071 | D:2      | Slain by a worm

Illustrated notes

Levels and vault maps discovered:
D:1:      elethiomel_arrival_infinity_welcomes_careful_drivers, layout_basic,
          basic_ecumenical_altar
D:2:      layout_loops_corners, serial_forest, infiniplex_forest_lined_3,
          infiniplex_forest_clump_double, infiniplex_forest_corner_1,
          infiniplex_forest_clump_large, infiniplex_forest_straight_2,
          infiniplex_forest_lined_room_2, infiniplex_forest_clump_medium,
          basic_altar, chequers_serial_rivers_small_a

Skill      XL: |  1  2 |
---------------+-------+-----
Long Blades    | 3 |  3.4
Armour         | 1 |  1.0
Fighting       | |  2.0
Throwing       | |  1.7
Dodging        | |  2.6
Unarmed Combat | |  0.2

Action                     || total
---------------------------++-------
  Melee: Long sword        ||    83
         Punch             ||     2
  Throw: Stone             ||     1
   Stab: Sleeping          ||     2
 Armour: Leather armour    ||    30
  Dodge: Dodged            ||    56

Table legend: (Time is in decaauts)
 A = Elapsed time spent in this place.
 B = Non-inter-level travel time spent in this place.
 C = Inter-level travel time spent in this place.
 D = Time resting spent in this place.
 E = Time spent auto-exploring this place.
 F = Levels seen in this place.
 G = Mean time per level.
                   A        B        C        D        E       F      G
               +--------+--------+--------+--------+--------+-----+--------+
         Total |   1090 |    925 |    165 |     28 |    669 |   2 |  545.0 |
       Dungeon |   1090 |    925 |    165 |     28 |    669 |   2 |  545.0 |
               +--------+--------+--------+--------+--------+-----+--------+

Top non-repeatable levels by time:
     D:1: 1040 daAuts
     D:2: 50 daAuts
